 Dungeon Crawl Stone Soup version 0.16-a0-2059-gf848859 (webtiles) character file.

135 MackTheKnife the Gusty (level 4, -2/27 HPs)
             Began as a High Elf Air Elementalist on Nov 11, 2014.
             Slain by Pikel
             ... wielding a +0 whip of freezing
              (6 damage)
             ... on level 4 of the Dungeon.
             The game lasted 00:08:35 (4855 turns).

MackTheKnife the Gusty (High Elf Air Elementalist)  Turns: 4855, Time: 00:08:35

Health: -2/27      AC:  4    Str:  7    XL:     4   Next: 96%
Magic:  2/13       EV: 10    Int: 20    God:
Gold:   166        SH:  0    Dex: 15    Spells: 4 memorised, 2 levels left

rFire  . . .     SeeInvis .     r - +2 dagger (venom)
rCold  . . .     Clarity  .     h - +0 leather armour
rNeg   . . .     SustAb   .     (no shield)
rPois  .         Gourm    .     d - +0 hat
rElec  .         Spirit   .     m - +0 cloak (curse)
rCorr  .         Warding  .     (no gloves)
rMut   .         Stasis   .     (no boots)
MR     .....                    (no amulet)
Stlth  ++........               (no ring)
                                (no ring)

@: very slightly contaminated, invisible, not resistant to hostile enchantments,
unstealthy
A: no striking features
a: no special abilities


You were on level 4 of the Dungeon.
You were hungry.

You visited 1 branch of the dungeon, and saw 4 of its levels.

You collected 166 gold pieces.

Inventory:

Hand weapons
 l - a +0 spear
 p - a +0 blowgun
 r - a +2 dagger of venom (weapon)
Missiles
 g - 2 stones (quivered)
 o - 12 curare-tipped needles
Armour
 d - a +0 hat (worn)
 h - a +0 leather armour (worn)
 m - a cursed +0 cloak (worn)
Jewellery
 a - an uncursed ring of stealth {unknown}
 x - an uncursed ring of invisibility {unknown}
Scrolls
 e - a scroll of noise {unknown}
 f - 2 scrolls of enchant armour {unknown}
 n - 4 scrolls of identify {unknown}
 q - a scroll of remove curse {unknown}
 t - a scroll of recharging {unknown}
 u - a scroll of amnesia {unknown}
 v - a scroll of enchant weapon {unknown}
Potions
 i - a potion of resistance
Books
 b - a book of Air

   Spells                             Type                      Level
   *Shock                             Conjuration/Air              1
   *Swiftness                         Charms/Air                   2
   *Repel Missiles                    Charms/Air                   2
   Flight                             Charms/Air                   3
   *Static Discharge                  Conjuration/Air              3
   Lightning Bolt                     Conjuration/Air              5
Comestibles
 c - 4 bread rations
 j - a meat ration
 k - a beef jerky
 w - a chunk of flesh


   Skills:
 - Level 2.1 Dodging
 - Level 2.1 Stealth
 - Level 3.7 Spellcasting
 + Level 3.1 Conjurations
 + Level 5.0 Air Magic


You had 2 spell levels left.
You knew the following spells:

 Your Spells              Type           Power        Failure   Level  Hunger
a - Swiftness             Chrm/Air       ##......     10%         2    ##.....
b - Repel Missiles        Chrm/Air       ##....       10%         2    ##.....
c - Static Discharge      Conj/Air       ###.....     10%         3    ###....
z - Shock                 Conj/Air       ###.         2%          1    None


Dungeon Overview and Level Annotations

Branches:
Dungeon (4/15)
 Temple: D:4-7

Altars:
Gozag
Nemelex Xobeh
Ru
Xom

Annotations:
D:4 Pikel, Sigmund


Message History

Pikel is heavily wounded.
Pikel hits you with a whip of freezing! Pikel freezes you.
* * * LOW HITPOINT WARNING * * *
Unknown command.
Casting: Static Discharge
Confirm with . or Enter, or press ? or * to list all spells.
Pikel is struck by lightning.
Pikel is heavily wounded.
The lightning grounds out.
Pikel hits you with a whip of freezing.
* * * LOW HITPOINT WARNING * * *
Pikel freezes you.
* * * LOW HITPOINT WARNING * * *
Casting: Static Discharge
Confirm with . or Enter, or press ? or * to list all spells.
Pikel is struck by lightning.
Pikel is heavily wounded.
The lightning arcs!
You are struck by lightning.
* * * LOW HITPOINT WARNING * * *
The lightning grounds out.
Pikel hits you with a whip of freezing.
You die...

### ### #.. .%# ..# #.#
##(..## #.# ###.#.#.###
#.# ......... #.#
##.###.#.#.# #.#
...p....K.# ##.##
##.###.#@###.###...######
#.###.#.# #.............
#.......# #####...##...#
####....####...........#
#..#......###.###...#
#.............# ##... #
#...##'#.###### #..#
.####.# #...#(.#.# #..#
K.<...# .....#)(#[# #..#


You could see Pikel and a slave (wandering).

Vanquished Creatures
  2 slaves (D:3)
  5 adders (D:3)
  A worm (D:2)
  3 orcs (D:3)
  3 giant cockroaches
  12 goblins
  8 hobgoblins
  2 jackals (D:1)
  4 quokkas
  9 bats
  4 giant geckos
  5 giant newts
  15 kobolds
  5 rats
  A rat skeleton (D:3)
79 creatures vanquished.

Notes
Turn   | Place    | Note
--------------------------------------------------------------
     0 | D:1      | MackTheKnife, the High Elf Air Elementalist, began the quest for the Orb.
     0 | D:1      | Reached XP level 1. HP: 11/11 MP: 4/4
   351 | D:1      | Found a sparkling altar of Nemelex Xobeh.
   578 | D:1      | Reached XP level 2. HP: 17/17 MP: 3/6
   635 | D:1      | Learned a level 2 spell: Swiftness
   638 | D:1      | Learned a level 2 spell: Repel Missiles
  1011 | D:1      | Reached skill level 4 in Air Magic
  1219 | D:1      | Reached XP level 3. HP: 16/21 MP: 8/10
  1864 | D:1      | Learned a level 3 spell: Static Discharge
  1923 | D:2      | Found a sacrificial altar of Ru.
  2674 | D:2      | Found an opulent altar of Gozag.
  2674 | D:2      | Found a sparkling altar of Nemelex Xobeh.
  3105 | D:3      | Reached XP level 4. HP: 27/27 MP: 6/13
  3528 | D:3      | Found a shimmering altar of Xom.
  4137 | D:4      | Noticed a slave
  4282 | D:4      | Noticed Sigmund
  4426 | D:3      | Killed a slave
  4601 | D:4      | Noticed a slave
  4601 | D:4      | Noticed a slave
  4602 | D:4      | Noticed Pikel
  4608 | D:4      | Noticed a slave
  4609 | D:3      | Killed a slave
  4766 | D:3      | Reached skill level 5 in Air Magic
  4855 | D:4      | Slain by Pikel

Action                   |  1- 3 |  4- 6 || total
-------------------------+-------+-------++-------
Melee: Short sword       |    21 |       ||    21
       Dagger            |     5 |    29 ||    34
       Spear             |    32 |       ||    32
 Cast: Shock             |    78 |    42 ||   120
       Static Discharge  |       |    13 ||    13
  Use: Potion            |     3 |     2 ||     5
 Stab: Sleeping          |     2 |       ||     2
  Eat: Chunk             |     7 |     4 ||    11
       Pizza             |       |     1 ||     1
